AoeStats
← ELPURE

Four Lakes

508225996Analyzed
1v1 RM · 11d ago on Sep 21, 2026· 36m 39s· 2 players
Game mode
Random Map
Map size
Tiny (2 player)
Population
200
Speed
Normal
Resources
Standard
Victory
Conquest
Starting age
Dark Age
Ending age
Imperial Age
RankedLock teamsTeams togetherTeam positionsShared explorationLock speedFull tech treeHidden civsTurbo modeCheats
Victory
Defeat
🇺🇸 Burgundians · United States
1942
+10
🇧🇾 Persians · Belarus
1797
-10
3D!Scatter
10:52 Feudal Age
10:32 Loom
15:19 Castle Age
14:35 Gold Mining
15:17 Scale Barding Armor
15:04 Double-Bit Axe
16:26 Bloodlines
20:08 Fishing Lines
21:00 Horse Collar
22:33 Heavy Plow
24:03 Husbandry
25:44 Bow Saw
27:20 Chain Barding Armor
27:52 Forging
30:51 Wheelbarrow
33:12 Imperial Age
32:05 Iron Casting
33:21 Heavy Camel Rider
34:44 Fletching
ELPURE
8:11 Loom
10:25 Feudal Age
11:20 Loom
12:54 Double-Bit Axe
15:17 Castle Age
13:07 Horse Collar
14:04 Bow Saw
23:17 Wheelbarrow
28:11 Imperial Age
27:23 Scale Barding Armor
28:06 Heavy Plow
28:48 Chain Barding Armor
29:32 Elite Coustillier
31:23 Plate Barding Armor
32:23 Forging
34:40 Crop Rotation
36:01 Iron Casting
Connection lost

Rejoining the realm…

Still unreachable

The connection could not be restored.

Session expired

The server has moved on; the page needs a fresh start.